 Dungeon Crawl Stone Soup version 0.23-a0-183-gf37f6fb (webtiles) character file.

15 grindst0ne the Charlatan (level 2, -5/22 HPs)
             Began as a Human Artificer on Sept 23, 2018.
             Killed from afar by a dart slug (6 damage)
             ... with a slug dart
             ... on level 1 of the Dungeon.
             The game lasted 00:00:59 (879 turns).

grindst0ne the Charlatan (Human Artificer)           Turns: 879, Time: 00:01:00

Health: -5/22      AC:  3    Str: 12    XL:     2   Next: 65%
Magic:  4/4        EV: 12    Int: 11    God:
Gold:   83         SH:  0    Dex: 13    Spells: 1/1 levels left

rFire    . . .     SeeInvis .   a - +0 short sword
rCold    . . .     Gourm    .   (no shield)
rNeg     . . .     Faith    .   b - +0 leather armour
rPois    .         Spirit   .   (no helmet)
rElec    .         Reflect  .   (no cloak)
rCorr    .         Harm     .   (no gloves)
MR       .....                  (no boots)
Stlth    +.........             (no amulet)
HPRegen  0.07/turn              (no ring)
MPRegen  0.09/turn              (no ring)

@: no status effects
A: no striking features
a: no special abilities


You were on level 1 of the Dungeon.
You were not hungry.

You visited 1 branch of the dungeon, and saw 1 of its levels.

You collected 83 gold pieces.

Inventory:

Hand Weapons
 a - a +0 short sword (weapon)
Armour
 b - a +0 leather armour (worn)
 i - a +0 ring mail of fire resistance
Jewellery
 j - a +5 amulet of reflection {unknown}
Wands
 c - a wand of flame (15)
 d - a wand of enslavement (14)
 e - a wand of random effects (15)
Scrolls
 g - a scroll of enchant armour {unknown}
 h - a scroll of blinking {unknown}
Comestibles
 f - 3 rations


   Skills:
 + Level 1.8 Fighting
 - Level 1.0 Short Blades
 - Level 2.0 Dodging
 - Level 1.0 Stealth
 + Level 3.4 Evocations


You had one spell level left.
You didn't know any spells.
Your spell library was empty.

Dungeon Overview and Level Annotations

Branches:
Dungeon (1/15)

Altars:


Message History

r - Retreat! s - Stop attacking. g - Guard the area. f - Follow me.
Anything else - Cancel.
Gang up on whom?
Press: ? - help, Dir - move target cursor, f - dart slug, p - kobold
Aim: a dart slug (clinging) Attack!
Your kobold hits the dart slug with a club.
The dart slug launches a dart at you. The slug dart hits your kobold.
Your kobold hits the dart slug with a club.
The dart slug launches a dart at you. The slug dart hits your kobold.
Your kobold dies!
Found a runed ring mail.
You see here a runed ring mail.
i - a runed ring mail The dart slug launches a dart at you.
The slug dart hits you!
You die...

.####...#########.#...####.......
.+.......................'.......
.####...#########.#...####.......
## #..## #....## ##...... # #.##
###.## ##..... #.# #.# ##...# #.#
#.# ##'## #.# #####.#### #.# #.#
#.@......# #####.## #.#
#.###.##.###.....[. #.# #.#
#.##...#.##.... #.# #.#
#......#....... #####.#
#w######...#..#.... ......#
#....w)..#.#..#.... #######
########...#..#.#.. ##..........
####.......


You could see a dart slug.

Vanquished Creatures
  A giant cockroach (D:1)
  2 goblins (D:1)
  2 hobgoblins (D:1)
  A ball python (D:1)
  3 frilled lizards (D:1)
  3 kobolds (D:1)
  3 rats (D:1)
15 creatures vanquished.

Vanquished Creatures (others)
  A kobold (D:1)
1 creature vanquished.

Grand Total: 16 creatures vanquished

Notes
Turn   | Place    | Note
-------+----------+-------------------------------------------
     0 | D:1      | grindst0ne the Human Artificer began the quest for the Orb.
     0 | D:1      | Reached XP level 1. HP: 15/15 MP: 3/3
   342 | D:1      | Reached XP level 2. HP: 21/21 MP: 4/4
   867 | D:1      | HP: 1/22 [kobold/club (4)]
   879 | D:1      | Killed from afar by a dart slug

Vault maps used:
D:1:      saegor_arrival_simple_a, nrook_loot_triangle

Action                   || total
-------------------------++-------
Melee: Short sword       ||    59
Evoke: Wand              ||     1
 Stab: Sleeping          ||     1
Armor: Leather armour    ||     7
Dodge: Dodged            ||    34

Table legend:
 A = Non-vault XP
 B = Vault XP
 C = Vault XP percentage of total XP
 D = Non-vault monster count
 E = Vault monster count
 F = Vault count percentage of total count
                 A         B        C        D         E       F
            +---------+---------+-------+---------+---------+-------
      Total |      22 |       0 |   0.0 |      16 |       0 |   0.0
            +---------+---------+-------+---------+---------+-------
        D:1 |      22 |       0 |   0.0 |      16 |       0 |   0.0
            +---------+---------+-------+---------+---------+-------
